cohdb
Replays
Latest Replays
All Replays
Popular Replays
Top Player Replays
Match Explorer
How It Works
Community
CoH3 Stats
Reddit
Sign in to upload your games and track your stats! →
Sign in with Steam
Match 43093030
Unlisted
Match 43093030
Overview
Messages
Build Orders
End
Selects Canadian Shock Battlegroup
Royal Engineer Section
Construct Section Command Post
Dingo Light Scout Car
Vickers Machine Gun Team
Construct Field Infirmary
Selects Incendiary Munitions
Selects Attacking Spirit
Selects Canadian Shock Section
Canadian Shock Section
Construct Platoon Command Post
Selects Incendiary Munitions
Canadian Shock Section
Infantry Training
Canadian Shock Section
Selects Pyrotechnics
Team Weapon Training
Humber Armored Car
6-pounder Anti-tank Gun Team
Selects Demolition Engineering
Demolition Engineering
Demolition Engineering
影子
浮生一薤露
沐雨观澜
Genki
0
0
Comments
sign in to comment!
No comments posted yet!